 Dungeon Crawl Stone Soup version 0.31-a0-986-g5e6e4ef867 (webtiles) character file.

Game seed: 10457321670690748831

25309 Lobster4 the Skirmisher (level 12, -6/108 HPs)
             Began as a Minotaur Hunter on Nov 4, 2023.
             Was a High Priest of Fedhas.
             Mangled by a skeletal warrior
             ... wielding a +0 battleaxe
              (23 damage)
             ... on level 14 of the Dungeon.
             The game lasted 00:56:15 (14535 turns).

Lobster4 the Skirmisher (Minotaur Hunter)          Turns: 14535, Time: 00:56:16

Health: -6/108     AC: 13    Str: 12    XL:     12   Next: 88%
Magic:  17/17      EV: 14    Int: 10    God:    Fedhas [*****.]
Gold:   332        SH:  0    Dex: 27    Spells: 17/19 levels left

rFire   . . .        a - +5 orcbow of Woe {heavy, *Slow +Blink rElec rCorr}
rCold   . . .        (shield currently unavailable)
rNeg    + . .        e - +1 scale mail of Dim Light {Dex+6}
rPois   +            (helmet restricted)
rElec   +            d - +1 cloak of Xom's Esteem {rF- Will+ Dex+2}
rCorr   +            p - +1 pair of gloves
SInv    .            (no boots)
Will    +....        (no amulet)
Stlth   +++          c - ring "Meraanafo" {Fly rElec rN+ rCorr Str-4 Int+4}
HPRegen 0.38/turn    k - ring "Maesetyb" {rPois rF+ Slay+6}
MPRegen 0.15/turn

%: slow self (1%)
@: flying, slowed, very slow
A: horns 2, retaliatory headbutt
a: Renounce Religion, Evoke Blink, Wall of Briars, Grow Ballistomycete,
Overgrow, Grow Oklob


You were on level 14 of the Dungeon.
You worshipped Fedhas.
Fedhas was extremely pleased with you.
You visited 2 branches of the dungeon, and saw 15 of its levels.
You also visited: Sewer, Bailey and Gauntlet.

You collected 824 gold pieces.
You spent 492 gold pieces at shops.

Inventory:

Hand Weapons
 a - the +5 orcbow of Woe (weapon) {heavy, *Slow +Blink rElec rCorr}
   (You took it off a meliai on level 14 of the Dungeon)

   rElec:     It insulates you from electricity.
   +Blink:    It lets you blink.
   rCorr:     It protects you from acid and corrosion.
   *Slow:     It may slow you when you take damage.
 b - a +4 short sword of venom
 q - a +5 shortbow
Missiles
 u - 55 poisoned darts
Armour
 d - the +1 cloak of Xom's Esteem (worn) {rF- Will+ Dex+2}
   (You found it in a Gauntlet)

   Dex+2:     It affects your dexterity (+2).
   rF-:       It makes you vulnerable to fire.
   Will+:     It increases your willpower.
 e - the +1 scale mail of Dim Light (worn) {Dex+6}
   (You took it off a meliai on level 14 of the Dungeon)

   Dex+6:     It affects your dexterity (+6).
 p - a +1 pair of gloves (worn)
 D - a +1 robe of cold resistance
 E - a +3 leather armour of poison resistance
 M - +2 steam dragon scales
 Q - a +1 robe of willpower
 T - a +1 cloak
Jewellery
 c - the ring "Meraanafo" (left hand) {Fly rElec rN+ rCorr Str-4 Int+4}
   (You found it in a Gauntlet)

   [ring of positive energy]

   Str-4:     It affects your strength (-4).
   Int+4:     It affects your intelligence (+4).
   rElec:     It insulates you from electricity.
   rN+:       It protects you from negative energy.
   Fly:       It grants you flight.
   rCorr:     It protects you from acid and corrosion.
 j - a +6 ring of dexterity
 k - the ring "Maesetyb" (right hand) {rPois rF+ Slay+6}
   (You found it in a Gauntlet)

   [ring of protection from fire]

   Slay+6:    It affects your accuracy & damage with ranged weapons and melee
   (+6).
   rF+:       It protects you from fire.
   rPois:     It protects you from poison
 s - a ring of protection from fire
 x - the ring of Ilihenaore {rF+ rN+ Int+4 Stlth-}
   (You took it off a minotaur in a Gauntlet)

   [ring of protection from fire]

   Int+4:     It affects your intelligence (+4).
   rF+:       It protects you from fire.
   rN+:       It protects you from negative energy.
   Stlth-:    It makes you less stealthy.
 P - a +4 ring of protection
 X - the ring of Xasohoiluc {Fly SInv}
   (You found it in a Gauntlet)

   [ring of flight]

   SInv:      It lets you see invisible.
   Fly:       It grants you flight.
 Z - a ring of ice
Wands
 v - a wand of acid (24)
 z - a wand of flame (22)
 J - a wand of paralysis (20)
 L - a wand of iceblast (14)
Scrolls
 i - 2 scrolls of teleportation
 m - a scroll of fog
 o - a scroll of poison
 t - a scroll of butterflies
 y - 2 scrolls of immolation
 F - 3 scrolls of identify
 G - a scroll of silence
 H - a scroll of amnesia
 I - 2 scrolls of summoning
 R - a scroll of blinking
 V - 2 scrolls of fear
 W - a scroll of revelation
Potions
 f - 6 potions of haste
 g - 4 potions of lignification
 l - 5 potions of brilliance
 n - 3 potions of heal wounds
 r - 5 potions of mutation
 w - 2 potions of resistance
 A - 4 potions of cancellation
 B - 7 potions of invisibility
 C - 3 potions of magic
 K - 4 potions of might
 O - a potion of curing
 S - 3 potions of enlightenment
Miscellaneous
 h - a phantom mirror
 Y - a lightning rod (4/4)


   Skills:
 + Level 10.9 Fighting
 - Level 3.0 Short Blades
 * Level 14.2 Ranged Weapons
 + Level 8.2 Armour
 - Level 7.0 Dodging
 - Level 6.0 Stealth
 - Level 4.0 Spellcasting
 + Level 3.9 Translocations
 - Level 3.0 Earth Magic
 - Level 5.0 Invocations
 - Level 3.0 Evocations


You had 17 spell levels left.
You knew the following spells:

 Your Spells              Type           Power      Damage    Failure   Level
a - Blink                 Tloc           18%        N/A       32%         2

Your spell library contained the following spells:

 Spells                   Type           Power      Damage    Failure   Level
 Passwall                 Tmut/Erth      4%         N/A       63%         2
 Ensorcelled Hibernation  Hex/Ice        4%         N/A       83%         2
 Stone Arrow              Conj/Erth      10%        3d7       86%         3
 Manifold Assault         Tloc           9%         N/A       91%         4
 Dazzling Flash           Conj/Hex       4%         N/A       97%         3
 Ignite Poison            Fire/Tmut/Pois 2%         N/A       97%         3
 Swiftness                Air            2%         N/A       97%         3
 Animate Armour           Summ/Erth      10%        N/A       99%         4
 Leda's Liquefaction      Hex/Erth       2%         N/A       99%         4
 Cause Fear               Hex            1%         N/A       100%        4
 Flame Wave               Conj/Fire      2%         2d4       100%        4
 Sticky Flame             Conj/Fire      2%         2d3       100%        4
 Summon Lightning Spire   Summ/Air       2%         N/A       100%        4
 Borgnjor's Vile Clutch   Necr/Erth      2%         N/A       100%        5
 Fireball                 Conj/Fire      1%         3d3       100%        5
 Lee's Rapid Deconstruct  Erth           4%         3d5*      100%        5
 Yara's Violent Unravell  Hex/Tmut       1%         3d3       100%        5
 Haunt                    Necr/Summ      1%         N/A       100%        7
 Borgnjor's Revivificati  Necr           1%         N/A       100%        8
 Ignition                 Fire           1%         3d3       100%        8
 Lehudib's Crystal Spear  Conj/Erth      2%         10d2      100%        8
 Death's Door             Necr           1%         N/A       100%        9
 Dragon's Call            Summ           1%         N/A       100%        9


Dungeon Overview and Level Annotations

Branches:
Dungeon (14/15)            Temple (1/1) D:4            Lair (0/5) D:10
    Orc (0/2) D:10          Sewer (visited)          Bailey (visited)
Gauntlet (visited)
 Vaults: D:13-14

Altars:
Ashenzari
Cheibriados
Dithmenos
Elyvilon
Fedhas
Gozag
Hepliaklqana
Kikubaaqudgha
Makhleb
Nemelex Xobeh
Okawaru
Qazlal
Ru
Sif Muna
Trog
Uskayaw
Vehumet
Wu Jian
Xom
Yredelemnul
Zin
The Shining One

Shops:
D:8 [   D:10 *([?


Innate Abilities, Weirdness & Mutations

You have a pair of horns on your head.
You reflexively headbutt those who attack you in melee.


Message History

You shoot an arrow. The arrow hits the skeletal warrior.
The skeletal warrior is heavily damaged.
You shoot an arrow.
The arrow barely misses the skeletal warrior.
The arrow hits the skeletal warrior but does no damage.
You shoot an arrow.
The arrow barely misses the skeletal warrior.
The arrow hits the skeletal warrior!
The skeletal warrior is lightly damaged.
A skeletal warrior comes into view. It is wielding a +0 battleaxe.
You shoot an arrow. The arrow hits the skeletal warrior!!
The skeletal warrior is almost destroyed.
The skeletal warrior barely misses you. You furiously retaliate!
You headbutt the skeletal warrior.
The skeletal warrior hits you from afar with a +0 trident!
You feel yourself slow down.
The skeletal warrior closely misses you.
You furiously retaliate!
You headbutt the skeletal warrior!
You destroy the skeletal warrior!
Fedhas accepts your kill.
You shoot an arrow. The arrow hits the skeletal warrior!
The skeletal warrior is moderately damaged.
The skeletal warrior hits you from afar with a +0 trident!
The skeletal warrior misses you. The skeletal warrior barely misses you.
The skeletal warrior hits you with a +0 war axe!
A cyclops comes into view.
You shoot an arrow. The arrow hits the skeletal warrior!!
The skeletal warrior is severely damaged.
The skeletal warrior hits you from afar with a +0 trident!
The skeletal warrior hits you with a +0 war axe!!
The skeletal warrior closely misses you.
The skeletal warrior hits you from afar with a +0 trident!
* * * LOW HITPOINT WARNING * * *
You are too injured to fight recklessly!
The skeletal warrior barely misses you.
The skeletal warrior hits you from afar with a +0 trident!
* * * LOW HITPOINT WARNING * * *
The skeletal warrior hits you with a +0 battleaxe!!
You die...
Fedhas appreciates your contribution to the ecosystem.

#########################
.........................
...............#.........
.......................#.
)......................#.
.......z.................
..C...zz@................
###############'#########
#.......'......
#.......#......
#.......#......
#.......#......
###############


You could see 3 skeletal warriors and a cyclops.

Vanquished Creatures
  A minotaur (Gauntlet)
  A hydra (D:14)
  4 two-headed ogres
  A boulder beetle (D:13)
  2 skeletal warriors (D:14)
  Pikel (D:7)
  6 ugly things
  5 cyclopes
  Maurice (D:13)
  3 gargoyles
  Jeremiah (D:8)
  Maggie (D:8)
  An ice devil (Gauntlet)
  A kobold demonologist (D:13)
  4 trolls
  4 meliai
  Grinder (D:4)
  Prince Ribbit (D:8)
  A hornet (D:8)
  3 slime creatures (D:13)
  2 shadows
  A jumping spider (shapeshifter) (D:13)
  2 centaur simulacra (Gauntlet)
  A vampire (D:11)
  3 wraiths
  3 wyverns
  A basilisk (D:12)
  Eustachio (D:5)
  2 steam dragons
  Menkaure (D:7)
  Edmund (D:5)
  An acid dragon (D:12)
  5 water moccasins
  3 black bears
  A meliai simulacrum (Gauntlet)
  7 orc warriors
  An ice dragon simulacrum (Gauntlet)
  2 boggarts (D:8)
  3 ogres (D:5)
  5 centaurs
  A lemure (D:7)
  5 kobold brigands
  Blork the orc (D:4)
  A gnoll sergeant (D:9)
  6 bullfrogs
  4 scorpions
  3 wights (D:10)
  4 killer bees (D:9)
  9 howler monkeys
  5 hounds
  2 gnoll boudas
  4 jellies
  9 orc priests
  3 iguanas
  2 sleepcaps (D:4)
  6 orc wizards
  A boggart simulacrum (Gauntlet)
  Robin (D:3)
  29 gnolls
  7 adders
  3 shadow imps
  4 white imps (Gauntlet)
  2 ufetubi (D:6)
  3 worms
  48 orcs
  9 ball pythons
  9 bats
  9 endoplasms
  7 giant cockroaches
  17 goblins
  9 hobgoblins
  8 jackals
  8 quokkas
  33 kobolds
  8 rats
369 creatures vanquished.

Vanquished Creatures (collateral kills)
  Harold (D:11)
  A catoblepas (Gauntlet)
  Joseph (D:7)
  2 gargoyles (Gauntlet)
5 creatures vanquished.

Grand Total: 374 creatures vanquished

Notes
Turn   | Place    | Note
-------+----------+-------------------------------------------
     0 | D:1      | Lobster4 the Minotaur Hunter began the quest for the Orb.
     0 | D:1      | Reached XP level 1. HP: 18/18 MP: 0/0
   119 | D:1      | Reached skill level 1 in Stealth
   191 | D:1      | Reached XP level 2. HP: 25/25 MP: 1/1
   343 | D:1      | Reached XP level 3. HP: 30/30 MP: 2/2
   345 | D:1      | Found a hide-covered altar of Uskayaw.
   347 | D:1      | Reached skill level 1 in Armour
   954 | D:2      | Reached skill level 5 in Ranged Weapons
  1217 | D:2      | Reached XP level 4. HP: 38/38 MP: 3/3
  1281 | D:3      | Identified the "Ymefros"
  1375 | D:3      | Noticed Robin
  1896 | D:4      | Found a staircase to the Ecumenical Temple.
  1945 | D:4      | Reached XP level 5. HP: 44/45 MP: 4/4
  2020 | D:4      | Noticed Blork the orc
  2028 | D:4      | Killed Blork the orc
  2055 | D:4      | Reached XP level 6. HP: 26/51 MP: 5/5
  2078 | D:4      | HP: 2/51 [gnoll/+0 flail (7)]
  2079 | D:4      | Reached skill level 1 in Evocations
  2133 | Temple   | Entered the Ecumenical Temple
  2144 | Temple   | Became a worshipper of Fedhas Madash
  2230 | D:4      | Reached skill level 6 in Ranged Weapons
  2238 | D:4      | Found a glowing drain.
  2247 | Sewer    | Entered a sewer
  2290 | Sewer    | Reached * piety under Fedhas
  2291 | Sewer    | Reached XP level 7. HP: 27/59 MP: 6/6
  2297 | Sewer    | Reached skill level 1 in Invocations
  2699 | D:4      | Found a sparkling altar of Nemelex Xobeh.
  2700 | D:4      | Noticed Grinder
  2708 | D:4      | Killed Grinder
  2709 | D:4      | Reached skill level 5 in Dodging
  2724 | D:4      | Reached ** piety under Fedhas
  2823 | D:4      | Found a shadowy altar of Dithmenos.
  2823 | D:4      | Found a shimmering altar of Xom.
  3018 | D:5      | Entered Level 5 of the Dungeon
  3058 | D:5      | Reached XP level 8. HP: 67/67 MP: 8/8
  3098 | D:5      | Noticed Edmund
  3118 | D:5      | Killed Edmund
  3119 | D:5      | Reached skill level 7 in Ranged Weapons
  3183 | D:5      | Reached skill level 5 in Fighting
  3221 | D:5      | Noticed Eustachio
  3624 | D:5      | Killed Eustachio
  4565 | D:6      | Reached skill level 8 in Ranged Weapons
  4623 | D:6      | Reached skill level 5 in Armour
  4623 | D:6      | Reached XP level 9. HP: 75/75 MP: 10/10
  5016 | D:6      | Reached *** piety under Fedhas
  5152 | D:7      | Noticed Menkaure
  5401 | D:7      | Killed Menkaure
  5425 | D:7      | Noticed Pikel
  5435 | D:7      | Killed Pikel
  5436 | D:7      | Reached skill level 9 in Ranged Weapons
  5686 | D:7      | Noticed Joseph
  5694 | D:7      | Killed Joseph
  5987 | D:7      | Found an ancient bone altar of Kikubaaqudgha.
  6418 | D:8      | Noticed Jeremiah
  6418 | D:8      | Noticed Maggie
  6608 | D:8      | Killed Maggie
  6609 | D:8      | Reached skill level 1 in Short Blades
  6609 | D:8      | Reached skill level 5 in Stealth
  6609 | D:8      | Reached XP level 10. HP: 56/86 MP: 11/11
  6863 | D:8      | Killed Jeremiah
  7049 | D:8      | Found Intoadiz's Armour Shoppe.
  7074 | D:8      | Reached **** piety under Fedhas
  7168 | D:8      | Noticed Prince Ribbit
  7178 | D:8      | Killed Prince Ribbit
  7179 | D:8      | Reached skill level 10 in Ranged Weapons
  7221 | D:8      | Reached skill level 1 in Spellcasting
  7422 | D:8      | Noticed a two-headed ogre
  7440 | D:8      | Killed a two-headed ogre
  7538 | D:8      | Noticed a two-headed ogre
  7547 | D:8      | Killed a two-headed ogre
  8211 | D:3      | Killed Robin
  8504 | D:9      | Noticed a two-headed ogre
  8514 | D:9      | Killed a two-headed ogre
  8683 | D:9      | Found a flagged portal.
  8693 | Bailey   | Entered a bailey
  9323 | D:9      | Reached skill level 11 in Ranged Weapons
  9323 | D:9      | Reached XP level 11. HP: 32/89 MP: 13/13
  9814 | D:10     | Identified the of Lische Aka
  9814 | D:10     | Entered Level 10 of the Dungeon
  9856 | D:10     | Reached skill level 1 in Earth Magic
  9967 | D:10     | Reached ***** piety under Fedhas
 10047 | D:10     | Found a staircase to the Lair.
 10235 | D:10     | Found Hoydia's Armour Emporium.
 10235 | D:10     | Found Hoogatu's Assorted Antiques.
 10235 | D:10     | Found Jicel's Weapon Emporium.
 10236 | D:10     | Found Hugariul's Magic Scroll Emporium.
 10261 | D:10     | Bought a scroll of identify for 34 gold pieces
 10261 | D:10     | Bought a scroll of identify for 34 gold pieces
 10261 | D:10     | Bought a scroll of identify for 34 gold pieces
 10261 | D:10     | Bought a scroll of identify for 34 gold pieces
 10268 | D:10     | Bought a scroll of silence for 161 gold pieces
 10268 | D:10     | Bought a scroll of fear for 68 gold pieces
 10268 | D:10     | Bought a scroll of revelation for 127 gold pieces
 10316 | D:10     | Found a staircase to the Orcish Mines.
 10337 | D:10     | Reached skill level 1 in Translocations
 10756 | D:11     | Noticed a rakshasa
 11010 | D:11     | Noticed a purple ugly thing
 11022 | D:11     | Killed a purple ugly thing
 11159 | D:11     | Noticed a two-headed ogre
 11164 | D:11     | Killed a two-headed ogre
 11187 | D:11     | Found a stormy altar of Qazlal.
 11226 | D:11     | Noticed Harold
 11242 | D:11     | Killed Harold
 11311 | D:11     | Reached skill level 12 in Ranged Weapons
 11578 | D:11     | Noticed a tengu warrior
 12109 | D:12     | Noticed a red ugly thing
 12115 | D:12     | Killed a red ugly thing
 12246 | D:12     | Reached XP level 12. HP: 94/105 MP: 15/15
 12301 | D:12     | Reached skill level 5 in Invocations
 12326 | D:12     | Learned a level 2 spell: Blink
 12458 | D:12     | You fall into a shaft and drop 1 floor!
 12469 | D:13     | Found a gate leading to a gauntlet.
 12499 | Gauntlet | Entered a Gauntlet
 12499 | Gauntlet | Found a runed translucent gate.
 12499 | Gauntlet | Found a transporter.
 12499 | Gauntlet | Found a runed translucent gate.
 12499 | Gauntlet | Found a runed translucent gate.
 12499 | Gauntlet | Found a transporter.
 12500 | Gauntlet | Found a runed translucent door.
 12507 | Gauntlet | Found a transporter.
 12511 | Gauntlet | Found a transporter.
 12519 | Gauntlet | Found a transporter.
 12523 | Gauntlet | Found a transporter.
 12531 | Gauntlet | Found a transporter.
 12545 | Gauntlet | Noticed a death yak
 12545 | Gauntlet | Noticed a death yak
 12546 | Gauntlet | Noticed a death yak
 12547 | Gauntlet | Noticed a death yak
 12547 | Gauntlet | Noticed a death yak
 12548 | Gauntlet | Found a transporter.
 12548 | Gauntlet | Noticed a death yak
 12562 | Gauntlet | Found a transporter.
 12566 | Gauntlet | Found a transporter.
 12577 | Gauntlet | Found a transporter.
 12578 | Gauntlet | Found a transporter.
 12578 | Gauntlet | Noticed a catoblepas
 12671 | Gauntlet | Identified the ring "Meraanafo" {Fly rElec rN+ rCorr Str-4
                  | Int+4}
 12843 | Gauntlet | Killed a catoblepas
 12851 | Gauntlet | Identified the +1 cloak of Xom's Esteem {rF- Will+ Dex+2}
 13050 | Gauntlet | Identified the ring "Maesetyb" {rPois rF+ Slay+6}
 13206 | Gauntlet | Identified the ring of Ilihenaore {rF+ rN+ Int+4 Stlth-}
 13206 | Gauntlet | Noticed a minotaur
 13229 | Gauntlet | Killed a minotaur
 13230 | Gauntlet | Reached skill level 10 in Fighting
 13230 | Gauntlet | Reached skill level 13 in Ranged Weapons
 13234 | Gauntlet | Identified the ring of Xasohoiluc {Fly SInv}
 13316 | D:13     | Noticed a boulder beetle
 13330 | D:13     | Killed a boulder beetle
 13666 | D:13     | Noticed Maurice
 13689 | D:13     | Maurice stole 224 gold
 13694 | D:13     | Maurice stole the ring of Ilihenaore {rF+ rN+ Int+4 Stlth-}
 13695 | D:13     | Killed Maurice
 14043 | D:14     | Identified the "Xeacuh"
 14139 | D:14     | Identified the +1 scale mail of Dim Light {Dex+6}
 14231 | D:14     | Identified the +5 orcbow of Woe {heavy, *Slow +Blink rElec
                  | rCorr}
 14235 | D:14     | Reached skill level 14 in Ranged Weapons
 14447 | D:14     | Noticed a six-headed hydra
 14450 | D:14     | Killed a six-headed hydra
 14535 | D:14     | Mangled by a skeletal warrior

Illustrated notes

Levels and vault maps discovered:
D:1:      wander_arrival_lonely_grave, layout_rooms, st_stairs_13,
          hangedman_decor_riveting, corner_web_ring, minmay_hexomino_r4
D:2:      layout_basic, minmay_pentomino_pile
D:3:      layout_rooms, uniq_robin
D:4:      layout_basic, grunt_dithmenos_smoke, mainiacjoe_overflow_catwalk,
          mainiacjoe_overflow_cross_hatched, minmay_temple_entry_glass,
          gup_sewer_entry_bubbles, uniq_blork_the_orc, uniq_grinder
D:5:      layout_layer_cave, uniq_edmund, uniq_eustachio
D:6:      layout_basic, minmay_misc_feat_hallway,
          hangedman_decor_clover_reticule
D:7:      layout_rooms, mainiacjoe_overflow_small_starburst, uniq_menkaure,
          uniq_joseph, uniq_pikel
D:8:      layout_loops_ring, serial_shops, shop, corexii_leaking_fountain,
          nicolae_phantomly_mirrored, uniq_jeremiah, uniq_maggie,
          uniq_prince_ribbit1
D:9:      layout_cave_pools, enter_bailey_2, st_stairs_7
D:10:     layout_rooms, due_lair_maze_entry_diamond, david_orc_2,
          minmay_shop_grid_forest
D:11:     minmay_inside_and_out, layout_gridville,
          nicolae_qazlal_general_emergency, uniq_harold
D:12:     layout_roguey, uniq_kirke, uniq_nessos
D:13:     layout_rooms, gauntlet_entry_generic, uniq_maurice
D:14:     layout_stronghold, david_vaults_4, serial_park_square3
          [serial_park_minivault_5x5_1], nicolae_vehumet_radiance
Temple:   nicolae_temple_two_arcs

Skill      XL: |  1  2  3  4  5  6  7  8  9 10 11 12 |
---------------+-------------------------------------+-----
Stealth        | 1 2 3 5 6 |  6.0
Armour         | 1 2 3 5 6 7 8 |  8.2
Dodging        | 3 4 5 6 7 |  7.0
Ranged Weapons | 5 6 8 9 11 12 14 | 14.2
Fighting       | 3 4 5 7 8 9 10 | 10.9
Evocations     | 1 2 3 |  3.0
Invocations    | 1 3 4 5 |  5.0
Short Blades   | 1 3 |  3.0
Spellcasting   | 2 3 4 |  4.0
Earth Magic    | 3 |  3.0
Translocations | 2 3 |  3.9

Action                     |  1- 3 |  4- 6 |  7- 9 | 10-12 || total
---------------------------+-------+-------+-------+-------++-------
  Melee: Rapier            |       |    61 |    52 |       ||   113
         Headbutt          |       |     6 |    15 |    12 ||    33
         Dagger            |       |       |     5 |    17 ||    22
         Unarmed           |       |       |     2 |       ||     2
         Punch             |       |       |     1 |       ||     1
         Short sword       |       |       |       |    23 ||    23
   Fire: Shortbow          |   119 |    76 |   290 |   671 ||  1156
         Orcbow            |       |       |       |    13 ||    13
  Throw: Dart              |       |       |     4 |     5 ||     9
         Throwing net      |       |       |     1 |     7 ||     8
 Invoke: Wall of Briars    |       |       |       |     1 ||     1
  Evoke: Wand              |       |       |       |    30 ||    30
         Phantom mirror    |       |       |       |     1 ||     1
    Use: Scroll            |     1 |     8 |     8 |    13 ||    30
         Potion            |       |     6 |     5 |       ||    11
   Stab: Held in net/web   |       |       |     2 |       ||     2
         Paralysed         |       |       |       |     2 ||     2
         Sleeping          |       |       |       |     1 ||     1
 Armour: Leather armour    |     1 |       |    93 |    84 ||   178
         Ring mail         |    26 |    86 |    21 |       ||   133
         Skin              |       |       |     1 |       ||     1
         Steam dragon scal |       |       |       |    53 ||    53
         Scale mail        |       |       |       |    14 ||    14
         Robe              |       |       |       |    10 ||    10
  Dodge: Dodged            |    55 |   133 |   206 |   204 ||   598

Table legend: (Time is in decaauts)
 A = Elapsed time spent in this place.
 B = Non-inter-level travel time spent in this place.
 C = Inter-level travel time spent in this place.
 D = Time resting spent in this place.
 E = Time spent auto-exploring this place.
 F = Levels seen in this place.
 G = Mean time per level.
                   A        B        C        D        E       F      G
               +--------+--------+--------+--------+--------+-----+--------+
         Total |  14555 |  13455 |   1100 |   2521 |   7656 |  18 |  808.6 |
       Dungeon |  12724 |  11624 |   1100 |   1820 |   7241 |  14 |  908.9 |
        Temple |     20 |     20 |      0 |      0 |      0 |   1 |   20.0 |
         Sewer |    415 |    415 |      0 |    110 |    164 |   1 |  415.0 |
        Bailey |    600 |    600 |      0 |    217 |    100 |   1 |  600.0 |
      Gauntlet |    794 |    794 |      0 |    374 |    151 |   1 |  794.0 |
               +--------+--------+--------+--------+--------+-----+--------+

Top non-repeatable levels by time:
    D:10: 1511 daAuts
     D:5: 1473 daAuts
     D:8: 1388 daAuts
     D:6: 1206 daAuts
     D:7: 1024 daAuts
     D:4: 900 daAuts
     D:3: 814 daAuts
Gauntlet: 794 daAuts
    D:13: 774 daAuts
    D:11: 748 daAuts
     D:9: 741 daAuts
     D:2: 684 daAuts
     D:1: 656 daAuts
  Bailey: 600 daAuts
    D:14: 461 daAuts
